AoeStats
← zqllqaa098

Arabia

509724472Analyzed
1v1 RM · 5d ago on Sep 27, 2026· 55m 37s· 2 players
Game mode
Random Map
Map size
Tiny (2 player)
Population
200
Speed
Normal
Resources
Standard
Victory
Conquest
Starting age
Dark Age
Ending age
Imperial Age
RankedLock teamsTeams togetherTeam positionsShared explorationLock speedFull tech treeHidden civsTurbo modeCheats
Victory
Defeat
🇩🇪 Romans · Germany
1150
+16
🇮🇳 Mongols · India
1149
-16
zqllqaa098
1:00 Loom
8:52 Feudal Age
9:42 Double-Bit Axe
12:32 Horse Collar
22:01 Castle Age
20:10 Gold Mining
22:07 Bloodlines
23:55 Bow Saw
23:49 Heavy Plow
24:48 Wheelbarrow
25:09 Scale Barding Armor
25:35 Squires
27:01 Forging
27:05 Town Watch
27:23 Scale Mail Armor
26:55 Pikeman
28:20 Husbandry
30:30 Gold Shaft Mining
30:20 Stone Mining
33:53 Ballistics
32:57 Light Cavalry
39:56 Imperial Age
38:01 Fletching
38:12 Padded Archer Armor
39:08 Bodkin Arrow
41:12 Bracer
41:49 Chain Barding Armor
41:57 Parthian Tactics
44:50 Hussar
47:17 Conscription
48:47 Stone Shaft Mining
49:07 Thumb Ring
50:07 Iron Casting
49:48 Leather Archer Armor
53:06 Cavalier
zonkibonki
6:01 Loom
9:10 Feudal Age
10:19 Horse Collar
10:26 Double-Bit Axe
16:44 Scale Barding Armor
19:09 Wheelbarrow
20:09 Gold Mining
20:31 Bloodlines
22:33 Castle Age
21:17 Bloodlines
23:45 Chain Barding Armor
23:36 Forging
24:04 Bow Saw
23:59 Heavy Plow
24:42 Husbandry
26:51 Pikeman
27:33 Squires
29:00 Scale Mail Armor
29:36 Iron Casting
32:13 Chain Mail Armor
40:26 Imperial Age
38:12 Hand Cart
37:42 Town Watch
40:29 Capped Ram
40:33 Halberdier
42:16 Blast Furnace
41:07 Fletching
41:48 Crop Rotation
40:52 Man-at-Arms
43:03 Conscription
43:49 Hand Cart
43:35 Town Patrol
42:56 Long Swordsman
43:35 Bodkin Arrow
44:05 Stone Mining
44:51 Gold Shaft Mining
43:44 Legionary
44:59 Hand Cart
47:25 Elite Skirmisher
49:25 Ballistics
49:00 Murder Holes
50:06 Chemistry
49:17 Fortified Wall
50:20 Padded Archer Armor
53:41 Comitatenses
55:34 Leather Archer Armor
Connection lost

Rejoining the realm…

Still unreachable

The connection could not be restored.

Session expired

The server has moved on; the page needs a fresh start.